 Dungeon Crawl Stone Soup version 0.29-a0-791-ga0f254aafb (webtiles) character file.

Game seed: 3575737122674530415

347908 Malachi the Crack Shot (level 21, -16/188 HPs)
             Began as a Demonspawn Hunter on July 3, 2022.
             Was the Champion of Dithmenos.
             Demolished by a rockslime (46 damage)
             ... created by the Royal Jelly
             ... on level 4 of the Pits of Slime.
             The game lasted 01:54:18 (33147 turns).

Malachi the Crack Shot (Demonspawn Hunter)         Turns: 33147, Time: 01:54:19

Health: -16/188    AC:  4    Str: 12    XL:     21   Next: 22%
Magic:  26/31      EV: 44    Int: 13    God:    Dithmenos [******]
Gold:   1151       SH:  0    Dex: 46    Spells: 27/32 levels left

rFire   . . .      SeeInvis .   T - +3 arbalest (vorpal)
rCold   . . .      Faith    .   (shield currently unavailable)
rNeg    . . .      Spirit   .   H - +1 robe of the Distant Future {rCorr Dex+6}
rPois   +          Reflect  .   P - +2 helmet "Jaeronie" {Regen+ Str+3}
rElec   +          Harm     .   X - +2 cloak of Sif Muna's Grace {rPois Regen+ rCorr Str-3 Dex+3}
rCorr   +          Rampage  +   (gloves unavailable)
Will    ++...                   f - +2 pair of boots {rampage}
Stlth   ++++++....              a - amulet of Vitality {RegenMP++ Regen++}
HPRegen 3.61/turn               o - +6 ring of dexterity
MPRegen 1.02/turn               F - +6 ring of dexterity

@: about to teleport, corroded, wreathed by umbra, studying Ranged Weapons
A: claws 3, thin metallic scales 3, ignite blood 1, powered by death 2,
augmentation 1, strong-willed 1, robust 1, MP-powered wands
}: 2/15 runes: barnacled, gossamer
a: Renounce Religion, Shadow Step, Shadow Form


You were on level 4 of the Pits of Slime.
You worshipped Dithmenos.
Dithmenos was exalted by your worship.
You visited 7 branches of the dungeon, and saw 35 of its levels.
You also visited: Volcano and Desolation.

You collected 5028 gold pieces.
You spent 3877 gold pieces at shops.

Inventory:

Hand Weapons
 M - the +5 sling "Koagas" {vorpal, Int+2}
   (You found it on level 1 of the Spider Nest)

   Any ammunition fired from it inflicts extra damage upon your enemies.
   Int:       It affects your intelligence (+2).
 T - a +3 vorpal arbalest (weapon)
Missiles
 y - 9 curare-tipped darts
Armour
 f - a +2 pair of boots of rampaging (worn)
 w - the +2 ring mail of Noughts and Crosses {rN+ Regen+}
   (You bought it in a shop on level 1 of the Elven Halls)

   rN:        It protects you from negative energy.
   Regen:     It increases your rate of health regeneration.
 G - a +2 robe of willpower
 H - the +1 robe of the Distant Future (worn) {rCorr Dex+6}
   (You found it in the Desolation of Salt)

   Dex:       It affects your dexterity (+6).
   rCorr:     It protects you from acid and corrosion.
 P - the +2 helmet "Jaeronie" (worn) {Regen+ Str+3}
   (You found it on level 8 of the Dungeon)

   Str:       It affects your strength (+3).
   Regen:     It increases your rate of health regeneration.
 X - the +2 cloak of Sif Muna's Grace (worn) {rPois Regen+ rCorr Str-3 Dex+3}
   (You bought it in a shop on level 11 of the Dungeon)

   Str:       It affects your strength (-3).
   Dex:       It affects your dexterity (+3).
   rPois:     It protects you from poison.
   Regen:     It increases your rate of health regeneration.
   rCorr:     It protects you from acid and corrosion.
Jewellery
 a - the amulet of Vitality (around neck) {RegenMP++ Regen++}
   (You found it on level 9 of the Dungeon)

   [amulet of magic regeneration]

   It increases your rate of magic regeneration.
   Regen:     It increases your rate of health regeneration.
 l - a ring of protection from fire
 o - a +6 ring of dexterity (left claw)
 s - the amulet "Xantoppa" {rC+ Regen+}
   (You found it on level 4 of the Lair of Beasts)

   [amulet of regeneration]

   rC:        It protects you from cold.
   Regen:     It increases your rate of health regeneration.
 A - the amulet of Cimik {Regen+ Str+6}
   (You found it in the Desolation of Salt)

   [amulet of regeneration]

   Str:       It affects your strength (+6).
   Regen:     It increases your rate of health regeneration.
 F - a +6 ring of dexterity (right claw)
 L - the ring "Tuox" {rC+ Str+4 Slay+3}
   (You found it on level 3 of the Elven Halls)

   [ring of protection from cold]

   Str:       It affects your strength (+4).
   Slay:      It affects your accuracy & damage with ranged weapons and melee
   (+3).
   rC:        It protects you from cold.
 S - a ring of protection from fire
 W - the ring of the Lich-sworn {rN+ Will+}
   (You took it off an orc sorcerer on level 3 of the Elven Halls)

   [ring of willpower]

   rN:        It protects you from negative energy.
   Will:      It increases your willpower.
 Y - a ring of see invisible
Wands
 q - a wand of acid (53)
 x - a wand of digging (10)
 J - a wand of charming (15)
 N - a wand of iceblast (22)
 R - a wand of flame (10)
Scrolls
 b - 2 scrolls of immolation
 e - a scroll of summoning
 g - 5 scrolls of amnesia
 j - 8 scrolls of vulnerability
 k - 6 scrolls of fog
 m - 5 scrolls of teleportation
 v - 3 scrolls of poison
 C - a scroll of fear
 E - a scroll of enchant weapon
 O - 8 scrolls of enchant armour
 V - 2 scrolls of magic mapping
Potions
 d - 4 potions of cancellation
 i - 6 potions of flight
 n - 8 potions of curing
 p - a potion of mutation
 t - 3 potions of resistance
 u - 4 potions of attraction
 z - 4 potions of haste
 B - 3 potions of heal wounds
 D - 8 potions of ambrosia
 I - 2 potions of lignification
 K - 4 potions of invisibility
 U - 2 potions of magic
 Z - 2 potions of brilliance
Miscellaneous
 r - a tin of tremorstones (2/2)
 Q - a lightning rod (4/4)


   Skills:
 - Level 16.0 Fighting
 - Level 0.5(0.6) Short Blades
 - Level 0.3(0.5) Long Blades
 - Level 0.7(1.1) Axes
 - Level 0.8(1.1) Maces & Flails
 - Level 0.8(1.1) Polearms
 - Level 0.3(1.0) Staves
 + Level 23.1 Ranged Weapons
 - Level 0.3 Throwing
 - Level 0.7 Armour
 - Level 18.0 Dodging
 - Level 0.8 Stealth
 - Level 0.3 Shields
 - Level 0.8 Unarmed Combat
 - Level 6.0 Spellcasting
 - Level 0.3 Conjurations
 - Level 0.5 Hexes
 - Level 0.7 Summonings
 - Level 0.4 Necromancy
 - Level 6.0 Translocations
 - Level 5.2 Transmutations
 - Level 1.1 Fire Magic
 - Level 0.7 Ice Magic
 - Level 6.0 Air Magic
 - Level 1.0 Earth Magic
 - Level 0.6 Poison Magic
 - Level 14.0 Invocations
 + Level 8.7 Evocations


You had 27 spell levels left.
You knew the following spells:

 Your Spells              Type           Power      Damage    Failure   Level
a - Blink                 Tloc           38%        N/A       2%          2
b - Swiftness             Air            19%        N/A       4%          3

Your spell library contained the following spells:

 Spells                   Type           Power      Damage    Failure   Level
 Apportation              Tloc           38%        N/A       1%          1
 Wereblood                Tmut           17%        N/A       3%          2
 Shock                    Conj/Air       48%        1d6       4%          1
 Gell's Gravitas          Tloc           19%        N/A       4%          3
 Lesser Beckoning         Tloc           19%        N/A       4%          3
 Teleport Other           Tloc           19%        N/A       4%          3
 Passwall                 Tmut/Erth      10%        N/A       7%          2
 Poisonous Vapours        Pois/Air       24%        N/A       7%          2
 Static Discharge         Conj/Air       12%        3-5/arc   7%          2
 Sandblast                Erth           12%        2d6       11%         1
 Freeze                   Ice            20%        1d4       13%         1
 Magic Dart               Conj           16%        1d3       14%         1
 Airstrike                Air            9%         0-4+      14%         4
 Scorch                   Fire           12%        2d5       16%         2
 Spider Form              Tmut/Pois      11%        N/A       16%         3
 Call Imp                 Summ           5%         N/A       19%         2
 Ignite Poison            Fire/Tmut/Pois 10%        N/A       19%         3
 Mephitic Cloud           Conj/Pois/Air  9%         N/A       19%         3
 Ensorcelled Hibernation  Hex/Ice        10%        N/A       21%         2
 Sublimation of Blood     Necr           5%         N/A       22%         2
 Inner Flame              Hex/Fire       6%         N/A       34%         3
 Conjure Flame            Conj/Fire      5%         6-21      36%         3
 Stone Arrow              Conj/Erth      10%        3d7       36%         3
 Manifold Assault         Tloc           19%        N/A       36%         5
 Dazzling Flash           Conj/Hex       10%        N/A       38%         3
 Summon Lightning Spire   Summ/Air       12%        N/A       38%         4
 Iskenderun's Mystic Bla  Conj/Tloc      12%        2d5       41%         4
 Corpse Rot               Necr/Pois/Air  10%        N/A       54%         4
 Leda's Liquefaction      Hex/Erth       2%         N/A       77%         4
 Sticky Flame             Conj/Fire      5%         2d3       77%         4
 Summon Ice Beast         Ice/Summ       5%         N/A       77%         4
 Lightning Bolt           Conj/Air       6%         1d18      77%         5
 Anguish                  Hex/Necr       2%         N/A       80%         4
 Dispel Undead            Necr           5%         3d7       80%         4
 Alistair's Intoxication  Tmut/Pois      7%         N/A       80%         5
 Irradiate                Conj/Tmut      5%         3d15      83%         5
 Freezing Cloud           Conj/Ice/Air   5%         6-21      87%         5
 Lee's Rapid Deconstruct  Erth           3%         3d6*      97%         5
 Borgnjor's Vile Clutch   Necr/Erth      2%         N/A       98%         5
 Fireball                 Conj/Fire      2%         3d4       98%         5
 Iskenderun's Battlesphe  Conj           4%         2d6       99%         5
 Conjure Ball Lightning   Conj/Air       6%         3x3d6     100%        6
 Death Channel            Necr           2%         N/A       100%        6
 Starburst                Conj/Fire      2%         6d3       100%        6
 Statue Form              Tmut/Erth      8%         N/A       100%        6
 Orb of Destruction       Conj           2%         9d5       100%        7
 Storm Form               Tmut/Air       9%         N/A       100%        7
 Summon Hydra             Summ           2%         N/A       100%        7
 Disjunction              Tloc           9%         N/A       100%        8
 Ignition                 Fire           3%         3d4       100%        8
 Maxwell's Capacitive Co  Air            9%         ∞         100%        8


Dungeon Overview and Level Annotations

Branches:
Dungeon (11/15)            Temple (0/1) D:4            Lair (6/6) D:8
 Shoals (4/4) Lair:2       Spider (4/4) Lair:4        Slime (5/5) Lair:6
    Orc (2/2) D:11            Elf (3/3) Orc:2       Volcano (visited)
Desolation (visited)

Altars:
Cheibriados
Dithmenos
Fedhas
Kikubaaqudgha
Makhleb
Nemelex Xobeh
Uskayaw
Vehumet
Xom
Jiyva

Shops:
D:11 [   Orc:2 (::?   Elf:1 ([*?*   Elf:3 =[   Shoals:1 [

Annotations:
Shoals:4 lurch's ghost, adept MfIE
Slime:5 Royal Jelly


Innate Abilities, Weirdness & Mutations

You have claws for hands.
You are completely covered in thin metallic scales. (AC +4, rElec)
Your demonic aura sometimes causes spilled blood to erupt in flames.
You regenerate health from kills.
Your magical and physical power is slightly enhanced at high health.
You are strong-willed. (Will+)
You are robust. (+10% HP)
You expend magic power (3 MP) to strengthen your wands.


Message History

Aim: a rockslime (black smoke, moderately wounded, umbra)
You shoot a bolt. The bolt hits the rockslime!!
The rockslime is severely wounded.
Your shadow shoots a bolt.
The bolt hits the rockslime but does no damage.
The acid blob spits acid at you. The splash of acid misses you.
The rockslime closely misses you. The acid blob closely misses you.
The rockslime completely misses you.
The acid blob hits you but does no damage.
Fire: T) +3 arbalest (vorpal)
Press: ? - help, Q - select action, (/) - cycle Shift-Dir - straight line, f/p - rockslime
Aim: a rockslime (severely wounded, umbra)
You shoot a bolt.
The bolt hits the rockslime but does no damage.
The rockslime is severely wounded.
The acid blob spits acid at you. The splash of acid hits you! You resist.
* * * LOW HITPOINT WARNING * * *
The acid blob completely misses you. The rockslime hits you!!!
* * * LOW HITPOINT WARNING * * *
You hold your ground!
You feel much better. The acid blob misses you.
The rockslime is engulfed in blazing flames.
The rockslime completely misses you. The acid blob completely misses you.
The rockslime attacks as you move away! The rockslime completely misses you.
The acid blob attacks as you move away! The acid blob misses you.
The acid blob attacks as you move away! The acid blob completely misses you.
The acid blob spits acid at you. The splash of acid hits you. You resist.
* * * LOW HITPOINT WARNING * * *
The acid corrodes you! The acid blob spits acid at you.
The splash of acid hits you! You resist.
* * * LOW HITPOINT WARNING * * *
The rockslime attacks as you move away! The rockslime completely misses you.
The acid blob spits acid at you. The splash of acid misses you.
As you read the scroll of teleportation, it crumbles to dust.
You feel strangely unstable. The rockslime hits you!!!
You die...

....§.§§.#...........
#..............#.#.###
..........§..........##
....#.#§J§§.#.........#
...#...§§§§......#....#
.......§§§§§....##....##
...#...§..§..J.........#
..#.....#..#.J.J......##.#
............#.J.@.........#
....................#.##...#
.........#.........#...# .##
..##.##...#....#....#.## #
.#######......##...##.##
....###...#..#.#...# ..#
.....###..........##..##
.....##.....#.........#
.#...###.....#....##.##


You could see 2 acid blobs, a rockslime and a quicksilver ooze.

Vanquished Creatures
  The ghost of Fibbavef the Warrior, an adept DjCj of Makhleb (Elf:1)
  Nikola (Elf:1)
  2 deep elf blademasters (Elf:3)
  A deep elf master archer (Elf:3)
  21 acid blobs
  Polyphemus (Shoals:2)
  Frances (Elf:1)
  Roxanne (Elf:3)
  12 rockslimes
  Ilsuiw (Shoals:4)
  10 azure jellies
  A frost giant (Shoals:4)
  8 deep elf sorcerers (Elf:3)
  9 emperor scorpions
  3 imperial myrmidons (Desolation)
  Louise (Spider:4)
  4 ghost moths
  6 deep elf elementalists (Elf:3)
  18 quicksilver oozes
  3 broodmothers
  A war gargoyle (Desolation)
  8 deep elf annihilators
  4 entropy weavers
  2 deep elf demonologists
  A halazid warlock (Desolation)
  4 spark wasps
  A crystal guardian (Desolation)
  3 deep elf death magi (Elf:3)
  16 merfolk impalers
  6 merfolk javelineers
  5 great orbs of eyes
  3 ragged hierophants (Desolation)
  6 deep elf high priests (Elf:3)
  7 servants of whispers (Desolation)
  4 peacekeepers (Desolation)
  8 hydras
  3 boulder beetles
  2 jorogumos (Spider:3)
  An alligator snapping turtle (Shoals:4)
  2 radroaches
  Erolcha (Orc:1)
  3 catoblepae
  5 merfolk avatars
  A centaur warrior (Shoals:3)
  3 ogre magi (Orc:2)
  7 merfolk aquamancers
  5 satyrs
  25 dancing weapons
  4 death yaks (Shoals:2)
  10 two-headed ogres
  Nergalle (Orc:2)
  10 deep elf knights
  Amaemon (Lair:2)
  Sonja (Lair:4)
  2 pharaoh ants
  A sun moth (Spider:2)
  5 steelbarb worms
  12 sea snakes
  2 deep trolls (D:9)
  A kraken simulacrum (Shoals:4)
  13 orb spiders
  6 deep elf archers
  3 ironbound convokers (Desolation)
  An orc knight (Orc:2)
  3 shining eyes
  11 harpies
  5 oklob plants
  9 orc sorcerers
  An ugly thing (D:7)
  12 fauns
  29 deep elf zephyrmancers
  26 wolf spiders
  7 manticores
  2 salamanders (Volcano)
  26 deep elf pyromancers
  11 elephants
  2 moths of wrath
  2 cyclopes
  4 water nymphs
  3 eyes of devastation
  15 merfolk sirens
  Joseph (D:7)
  5 guardian serpents (Desolation)
  6 molten gargoyles (Desolation)
  5 black mambas
  13 cane toads
  13 demonic crawlers
  2 gargoyles
  An orange demon (Lair:2)
  11 komodo dragons
  2 kobold demonologists (D:10)
  10 torpor snails
  2 rime drakes
  32 merfolk
  3 polar bears (Lair:6)
  6 meliai
  A hornet (D:9)
  10 wind drakes
  4 trolls
  A queen bee (Spider:2)
  25 tarantellas
  7 blink frogs
  12 snapping turtles
  83 slime creatures
  16 dream sheep
  49 saltlings (Desolation)
  19 jumping spiders
  2 shadows
  9 water elementals
  2 air elementals (Elf:3)
  40 yaks
  2 fire bats (Volcano)
  3 wyverns
  3 basilisks
  A yak (shapeshifter) (Elf:2)
  34 culicivoras
  16 golden eyes
  3 fire elementals
  61 redbacks
  A steam dragon (D:7)
  4 wargs
  An acid dragon (D:8)
  16 water moccasins
  5 hell hounds
  An ice beast (D:5)
  11 orc warriors
  3 black bears
  2 sky beasts
  5 ogres
  15 wolves (Lair:2)
  5 centaurs
  5 kobold brigands
  4 necrophages
  2 scorpions
  3 earth elementals
  10 bullfrogs
  A gnoll sergeant (D:10)
  13 wights
  22 killer bees
  6 howler monkeys
  4 electric eels
  6 hounds
  6 jellies
  8 orc priests
  A bouda (D:8)
  5 iguanas
  28 orc wizards
  7 hell rats (Lair:1)
  A centaur simulacrum (D:4)
  The ghost of anet the Sneak, a weakling DrDe (D:4)
  2 scorpion simulacra (D:4)
  A hound skeleton (D:7)
  11 gnolls
  8 adders
  A shadow imp (D:5)
  A white imp (D:4)
  An ufetubus (D:7)
  3 worms
  The ghost of astraldaughter the Sneak, a weakling KoDe (D:5)
  3 dart slugs
  3 adder simulacra (D:4)
  49 orcs
  6 endoplasms
  4 giant cockroaches
  8 goblins
  5 hobgoblins
  4 jackals (D:1)
  3 quokkas
  9 ball pythons
  5 bats
  3 frilled lizards
  20 kobolds
  4 rats
  A tentacle (Shoals:4)
1356 creatures vanquished.

Vanquished Creatures (collateral kills)
  A manticore (Shoals:1)
1 creature vanquished.

Vanquished Creatures (others)
  A ghost moth (Spider:3)
  A faun (Shoals:1)
  A saltling (Desolation)
  A water elemental (Elf:3)
  38 fungi
  81 plants
  8 tentacles (Shoals:4)
131 creatures vanquished.

Grand Total: 1488 creatures vanquished

Notes
Turn   | Place    | Note
-------+----------+-------------------------------------------
     0 | D:1      | Malachi the Demonspawn Hunter began the quest for the Orb.
     0 | D:1      | Reached XP level 1. HP: 16/16 MP: 1/1
    39 | D:1      | Found a faded altar of an unknown god.
    52 | D:1      | Prayed at the altar of an unknown god.
    52 | D:1      | Became a worshipper of Dithmenos the Shadowed
    52 | D:1      | Reached * piety under Dithmenos
    75 | D:1      | Reached skill level 4 in Ranged Weapons
   142 | D:1      | Gained mutation: You have sharp fingernails. [demonic
                  | ancestry]
   142 | D:1      | Reached XP level 2. HP: 22/22 MP: 2/2
   830 | D:2      | Gained mutation: You regenerate a little health from kills.
                  | [demonic ancestry]
   830 | D:2      | Reached XP level 3. HP: 27/27 MP: 3/3
   842 | D:2      | Reached ** piety under Dithmenos
   938 | D:2      | Found a sparkling altar of Nemelex Xobeh.
  1414 | D:2      | Reached skill level 5 in Ranged Weapons
  2059 | D:3      | Gained mutation: You are partially covered in thin metallic
                  | scales. (AC +2) [demonic ancestry]
  2059 | D:3      | Reached XP level 4. HP: 33/33 MP: 4/4
  2880 | D:4      | Found a hide-covered altar of Uskayaw.
  2892 | D:4      | Noticed a necrophage
  2973 | D:4      | Reached XP level 5. HP: 38/38 MP: 5/5
  3029 | D:4      | Noticed anet's ghost (weakling DrDe)
  3066 | D:4      | Found a runed translucent gate.
  3066 | D:4      | Found a runed translucent gate.
  3066 | D:4      | Found a runed translucent gate.
  3108 | D:4      | HP: 1/36 [necrophage (1)]
  3270 | D:4      | Reached skill level 6 in Ranged Weapons
  3335 | D:4      | Reached XP level 6. HP: 35/44 MP: 6/6
  3436 | D:4      | Identified the +2 leather armour of the Fife {Harm Str+4
                  | Int+2}
  3712 | D:4      | Found a staircase to the Ecumenical Temple.
  3800 | D:4      | Killed anet's ghost
  3801 | D:4      | Reached skill level 7 in Ranged Weapons
  4079 | D:5      | Entered Level 5 of the Dungeon
  4322 | D:5      | Found a transporter.
  4325 | D:5      | Noticed astraldaughter's ghost (weakling KoDe)
  4334 | D:5      | Found a transporter.
  4376 | D:5      | Killed astraldaughter's ghost
  4788 | D:5      | Noticed an ice beast
  4795 | D:5      | Killed an ice beast
  4796 | D:5      | Reached skill level 8 in Ranged Weapons
  4796 | D:5      | Gained mutation: You have very sharp fingernails. [demonic
                  | ancestry]
  4796 | D:5      | Reached XP level 7. HP: 50/50 MP: 7/7
  4938 | D:5      | Reached *** piety under Dithmenos
  5058 | D:5      | Reached skill level 9 in Ranged Weapons
  5240 | D:5      | Reached XP level 8. HP: 56/56 MP: 8/8
  5790 | D:6      | Reached skill level 10 in Ranged Weapons
  5881 | D:6      | Found a blossoming altar of Fedhas.
  6267 | D:7      | Reached skill level 11 in Ranged Weapons
  6296 | D:7      | Found an ancient bone altar of Kikubaaqudgha.
  6299 | D:7      | Found a radiant altar of Vehumet.
  6419 | D:7      | Gained mutation: Your demonic aura sometimes causes spilled
                  | blood to erupt in flames. [demonic ancestry]
  6419 | D:7      | Reached XP level 9. HP: 58/61 MP: 9/9
  6439 | D:7      | Noticed Joseph
  6445 | D:7      | Killed Joseph
  6670 | D:7      | Reached skill level 12 in Ranged Weapons
  6805 | D:7      | Reached **** piety under Dithmenos
  6950 | D:7      | Noticed a green ugly thing
  6974 | D:7      | Killed a green ugly thing
  7002 | D:7      | Found a burning altar of Makhleb.
  7016 | D:7      | Reached skill level 13 in Ranged Weapons
  7482 | D:8      | Identified the +2 helmet "Jaeronie" {Regen+ Str+3}
  7525 | D:8      | Noticed a komodo dragon
  7609 | D:7      | Reached XP level 10. HP: 67/67 MP: 10/10
  7658 | D:8      | Found a staircase to the Lair.
  7911 | D:8      | Reached skill level 14 in Ranged Weapons
  8474 | D:9      | Identified the +4 ring mail of Impatience {+Blink rC+
                  | Dex+4}
  8545 | D:9      | Noticed a deep troll
  8549 | D:9      | Noticed a deep troll
  8550 | D:9      | Killed a deep troll
  8551 | D:9      | Reached skill level 15 in Ranged Weapons
  8554 | D:9      | Killed a deep troll
  8563 | D:9      | Found the amulet of Vitality {RegenMP++ Regen++}
  8691 | D:9      | Noticed a two-headed ogre
  8696 | D:9      | Killed a two-headed ogre
  8697 | D:9      | Gained mutation: You are mostly covered in thin metallic
                  | scales. (AC +3) [demonic ancestry]
  8697 | D:9      | Reached XP level 11. HP: 72/72 MP: 11/11
  8903 | D:9      | Reached ***** piety under Dithmenos
  9017 | D:10     | Entered Level 10 of the Dungeon
  9250 | D:10     | Reached skill level 16 in Ranged Weapons
  9340 | D:10     | Noticed a great orb of eyes
  9351 | D:10     | Killed a great orb of eyes
  9956 | D:11     | Found a shadowy altar of Dithmenos.
 10051 | D:11     | Noticed a two-headed ogre
 10064 | D:11     | Killed a two-headed ogre
 10237 | D:11     | Found a staircase to the Orcish Mines.
 10242 | D:11     | Found Viam's Armour Shoppe.
 10261 | D:11     | Bought the +2 cloak of Sif Muna's Grace {rPois Regen+ rCorr
                  | Str-3 Dex+3} for 500 gold pieces
 10305 | D:11     | Reached skill level 17 in Ranged Weapons
 10606 | D:11     | Identified the +7 great sword "Domog" {antimagic, *Corrode
                  | Dex+7}
 10950 | Lair:1   | Entered Level 1 of the Lair of Beasts
 11066 | Lair:1   | Noticed an oklob plant
 11086 | Lair:1   | Killed an oklob plant
 11090 | Lair:1   | Noticed an oklob plant
 11095 | Lair:1   | Killed an oklob plant
 11100 | Lair:1   | Noticed an oklob plant
 11105 | Lair:1   | Killed an oklob plant
 11325 | Lair:1   | Reached XP level 12. HP: 78/78 MP: 12/12
 11338 | Lair:1   | Reached skill level 18 in Ranged Weapons
 11379 | Lair:1   | Noticed a five-headed hydra
 11383 | Lair:1   | Killed a five-headed hydra
 11927 | Lair:2   | Noticed Amaemon
 12117 | Lair:2   | Noticed a five-headed hydra
 12120 | Lair:2   | Killed a five-headed hydra
 12121 | Lair:2   | Reached skill level 5 in Fighting
 12374 | Lair:2   | Found a staircase to the Shoals.
 12554 | Lair:2   | Noticed a catoblepas
 12559 | Lair:2   | Killed a catoblepas
 12560 | Lair:2   | Reached skill level 5 in Dodging
 12601 | Lair:2   | Reached ****** piety under Dithmenos
 12609 | Lair:2   | Killed Amaemon
 13003 | Lair:3   | Noticed a catoblepas
 13011 | Lair:3   | Killed a catoblepas
 13125 | Lair:3   | Noticed an eight-headed hydra
 13131 | Lair:3   | Killed an eight-headed hydra
 13652 | Lair:4   | Found a hole to the Spider Nest.
 13656 | Lair:4   | Gained mutation: You regenerate health from kills. [demonic
                  | ancestry]
 13656 | Lair:4   | Reached XP level 13. HP: 99/99 MP: 13/13
 13757 | Lair:4   | Found a runed translucent door.
 13861 | Lair:4   | Identified the amulet "Xantoppa" {rC+ Regen+}
 13956 | Lair:4   | Noticed Sonja
 13977 | Lair:4   | Killed Sonja
 14643 | Lair:5   | Found a gate leading to a gauntlet.
 14855 | Lair:5   | Reached skill level 10 in Fighting
 15260 | Lair:6   | Entered Level 6 of the Lair of Beasts
 15293 | Lair:6   | Found a snail-covered altar of Cheibriados.
 15650 | Lair:6   | Reached XP level 14. HP: 113/113 MP: 14/14
 15780 | Lair:6   | Found a runed translucent door.
 15786 | Lair:6   | Found a staircase to the Slime Pits.
 15824 | Lair:6   | Reached skill level 10 in Dodging
 16485 | Orc:1    | Entered Level 1 of the Orcish Mines
 16574 | Orc:1    | Noticed Erolcha
 16578 | Orc:1    | Killed Erolcha
 16706 | Orc:2    | Entered Level 2 of the Orcish Mines
 17145 | Orc:2    | Found a staircase to the Elven Halls.
 17240 | Orc:2    | Found a dark tunnel.
 17256 | Volcano  | Entered a volcano
 17738 | Orc:2    | Found a radiant altar of Vehumet.
 17750 | Orc:2    | Found Ekamposa's Book Shop.
 17773 | Orc:2    | Noticed Nergalle
 17778 | Orc:2    | Killed Nergalle
 17782 | Orc:2    | Found an ancient bone altar of Kikubaaqudgha.
 17811 | Orc:2    | Found Doit's Antique Weapon Boutique.
 17846 | Orc:2    | Bought an Inescapable Atlas for 374 gold pieces
 17855 | Orc:2    | Found Wuts's Magic Scroll Shop.
 17864 | Orc:2    | Found Ypnejyzi's Book Boutique.
 17866 | Orc:2    | Bought a scroll of blinking for 112 gold pieces
 17866 | Orc:2    | Bought a scroll of fog for 30 gold pieces
 17866 | Orc:2    | Bought a scroll of blinking for 112 gold pieces
 17866 | Orc:2    | Bought a scroll of teleportation for 45 gold pieces
 17868 | Orc:2    | Bought a scroll of identify for 30 gold pieces
 17868 | Orc:2    | Bought a scroll of identify for 30 gold pieces
 17868 | Orc:2    | Bought a scroll of identify for 30 gold pieces
 17868 | Orc:2    | Bought a scroll of magic mapping for 52 gold pieces
 17890 | Orc:2    | Bought a book of Air for 308 gold pieces
 18406 | Spider:1 | Entered Level 1 of the Spider Nest
 18438 | Spider:1 | Killed a ghost moth
 18471 | Spider:1 | Noticed a broodmother
 18529 | Lair:4   | Killed a broodmother
 18594 | Spider:1 | Reached XP level 15. HP: 98/120 MP: 15/15
 18850 | Spider:1 | Noticed an emperor scorpion
 18859 | Spider:1 | Killed an emperor scorpion
 19101 | Spider:1 | Identified the +5 sling "Koagas" {vorpal, Int+2}
 19218 | Spider:2 | Reached skill level 15 in Dodging
 19567 | Spider:2 | Noticed an emperor scorpion
 19571 | Spider:2 | Killed an emperor scorpion
 20481 | Spider:3 | Identified a scroll of acquirement
 20481 | Spider:3 | Acquired 393 gold pieces
 20828 | Spider:3 | Reached skill level 1 in Fire Magic
 20839 | Spider:3 | Reached skill level 1 in Earth Magic
 20843 | Spider:3 | Learned a level 2 spell: Blink
 20909 | Spider:3 | Reached skill level 1 in Air Magic
 20913 | Spider:3 | Reached skill level 1 in Invocations
 21449 | Spider:4 | Entered Level 4 of the Spider Nest
 21455 | Spider:4 | Noticed an emperor scorpion
 21458 | Spider:4 | Gained mutation: Your magical and physical power is
                  | slightly enhanced at high health. [demonic ancestry]
 21458 | Spider:4 | Reached XP level 16. HP: 127/127 MP: 19/19
 21503 | Spider:3 | Learned a level 3 spell: Swiftness
 21511 | Spider:4 | Reached skill level 5 in Invocations
 21592 | Spider:4 | Noticed Louise
 21633 | Spider:4 | Killed Louise
 21735 | Spider:4 | Reached skill level 1 in Translocations
 21749 | Spider:4 | Reached skill level 10 in Invocations
 22049 | Spider:4 | Reached skill level 1 in Spellcasting
 22122 | Spider:4 | Got a gossamer rune of Zot
 22126 | Spider:4 | Gained mutation: You are weak. (Str -2) [potion of
                  | mutation]
 22126 | Spider:4 | Gained mutation: You are strong-willed. (Will+) [potion of
                  | mutation]
 22555 | Shoals:1 | Entered Level 1 of the Shoals
 22649 | Shoals:1 | Found Zaunyjoe's Armour Shop.
 22955 | Shoals:1 | Reached skill level 5 in Air Magic
 23282 | Shoals:2 | Noticed Polyphemus
 23373 | Shoals:2 | Reached XP level 17. HP: 133/133 MP: 27/27
 23431 | Shoals:2 | Identified the +5 rapier of Truncation {distort, rN+ MP+9
                  | Dex+2}
 23610 | Shoals:2 | Killed Polyphemus
 24242 | Shoals:3 | Reached skill level 5 in Translocations
 24814 | Shoals:4 | Entered Level 4 of the Shoals
 24843 | Shoals:4 | Noticed lurch's ghost (adept MfIE)
 24844 | Shoals:4 | Found a transporter.
 24856 | Shoals:4 | Found a transporter.
 24996 | Shoals:4 | Got a barnacled rune of Zot
 25168 | Shoals:4 | Noticed Ilsuiw
 25243 | Shoals:4 | Killed Ilsuiw
 25713 | Shoals:4 | Gained mutation: You are completely covered in thin
                  | metallic scales. (AC +4, rElec) [demonic ancestry]
 25713 | Shoals:4 | Reached XP level 18. HP: 124/143 MP: 28/28
 25923 | Shoals:4 | Identified the ring "Joblewne" {Ice *Slow +Blink Str+5
                  | Int+4}
 26290 | Elf:1    | Entered Level 1 of the Elven Halls
 26367 | Orc:2    | Bought a manual of Ranged Weapons for 1120 gold pieces
 26463 | Elf:1    | Found Hotainud's Weapon Shoppe.
 26463 | Elf:1    | Noticed Nikola
 26473 | Elf:1    | Killed Nikola
 26515 | Elf:1    | Reached skill level 5 in Spellcasting
 26515 | Elf:1    | Gained mutation: You have claws for hands. [demonic
                  | ancestry]
 26515 | Elf:1    | Reached XP level 19. HP: 148/148 MP: 29/29
 26604 | Elf:1    | Found Nekiliec's Antique Armour Boutique.
 26628 | Elf:1    | Found a runed translucent door.
 26629 | Elf:1    | Found a shimmering altar of Xom.
 26629 | Elf:1    | Noticed Fibbavef's ghost (adept DjCj)
 26644 | Elf:1    | Killed Fibbavef's ghost
 26663 | Elf:1    | Identified the +10 short sword "Plog" {flame, *Rage rElec
                  | Int+3}
 26690 | Elf:1    | Bought a pair of runed boots for 157 gold pieces
 26703 | Elf:1    | Bought a fabulously ornate robe for 119 gold pieces
 26703 | Elf:1    | Identified the +2 robe of Ilyif {rCorr Int+4} (You bought
                  | it in a shop on level 1 of the Elven Halls)
 26713 | Elf:1    | Bought a turquoise-studded ring mail for 189 gold pieces
 26713 | Elf:1    | Identified the +2 ring mail of Noughts and Crosses {rN+
                  | Regen+} (You bought it in a shop on level 1 of the Elven
                  | Halls)
 26791 | Elf:1    | Got the Collected Works on Battle Magic
 26818 | Elf:1    | Found Zouq's General Store.
 26837 | Elf:1    | Found Marunug's Magic Scroll Emporium.
 26851 | Elf:1    | Bought a scroll of teleportation for 45 gold pieces
 26975 | Elf:1    | Found a shimmering altar of Xom.
 26985 | Elf:1    | Found Punner's Assorted Antiques.
 27110 | Elf:1    | Noticed Frances
 27119 | Elf:1    | Killed Frances
 27305 | Elf:2    | Found a crumbling gateway.
 27311 | Desolati | Entered the Desolation of Salt
 27371 | Desolati | Identified the amulet of Cimik {Regen+ Str+6}
 27525 | Desolati | Reached skill level 15 in Fighting
 27634 | Desolati | Got the Almanac of Creative Evil
 27640 | Desolati | Identified the +7 chain mail of Buepuf {-Cast Will+ Dex+6}
 27687 | Desolati | Reached skill level 19 in Ranged Weapons
 27845 | Desolati | Identified the ring of the Peculiar Cities {Str+6 Stlth+}
 27861 | Desolati | Identified the amulet "Ycinez" {RegenMP Rampage Drain
                  | +Blink}
 27876 | Desolati | Got the Disquisition on the Flamy Compass
 27878 | Desolati | Identified the +1 robe of the Distant Future {rCorr Dex+6}
 27960 | Desolati | Reached skill level 1 in Transmutations
 28237 | Elf:2    | Found a runed translucent gate.
 28237 | Elf:2    | Found a runed translucent gate.
 28242 | Elf:2    | Found a runed translucent gate.
 28804 | Elf:2    | Reached XP level 20. HP: 164/164 MP: 30/30
 29060 | Elf:3    | Entered Level 3 of the Elven Halls
 29060 | Elf:3    | Noticed Roxanne
 29070 | Elf:3    | Killed Roxanne
 29071 | Elf:3    | Reached skill level 20 in Ranged Weapons
 29307 | Elf:3    | Reached skill level 21 in Ranged Weapons
 29313 | Elf:3    | Identified the ring of the Lich-sworn {rN+ Will+}
 29316 | Elf:3    | Reached skill level 5 in Transmutations
 29440 | Elf:3    | Identified the +1 leather armour of Relativism {Harm rF+}
 29538 | Elf:3    | Reached skill level 1 in Evocations
 29544 | Elf:3    | Identified the +11 whip "Qiyczuy" {venom, rElec Str+4 Int-5
                  | SInv}
 29547 | Elf:3    | Identified the ring "Tuox" {rC+ Str+4 Slay+3}
 29576 | Elf:3    | Identified the +0 dire flail "Ohowotosch" {vorpal, rElec
                  | Will+ rCorr Int+4}
 30014 | Elf:3    | Got the Grimoire of the Frostbite
 30032 | Elf:3    | Got the Almanac of Lightness
 30039 | Elf:3    | Got the Compendium of Stones
 30062 | Elf:3    | Found Hut Ukh's Armour Boutique.
 30067 | Elf:3    | Found Ihetov's Jewellery Boutique.
 30355 | Elf:1    | Bought a scroll of acquirement for 624 gold pieces
 30364 | Elf:1    | Acquired 886 gold pieces
 30658 | Slime:1  | Entered Level 1 of the Pits of Slime
 30667 | Slime:1  | Gained mutation: You occasionally shout uncontrollably at
                  | your foes. [a shining eye]
 30805 | Lair:6   | Reached skill level 22 in Ranged Weapons
 31069 | Slime:1  | You fall into a shaft and drop 1 floor!
 31069 | Slime:2  | Found a viscous altar of Jiyva.
 31790 | Slime:2  | Reached skill level 5 in Evocations
 31919 | Slime:4  | Gained mutation: You are clumsy. (Dex -2) [a shining eye]
 32031 | Slime:5  | Entered Level 5 of the Pits of Slime
 32069 | Slime:5  | Noticed the Royal Jelly
 32071 | Slime:5  | Found a viscous altar of Jiyva.
 32088 | Slime:5  | Gained mutation: Armour fits poorly on your strangely
                  | shaped body. [a shining eye]
 32133 | Slime:5  | Reached XP level 21. HP: 168/171 MP: 31/31
 32290 | Slime:5  | Gained mutation: You frequently scream uncontrollably at
                  | your foes. [mutagenic glow]
 32291 | Slime:5  | Gained mutation: You passively dampen the noise of your
                  | surroundings. [a shining eye]
 32299 | Slime:5  | Gained mutation: You occasionally lose the ability to drink
                  | potions when taking damage. [mutagenic glow]
 32316 | Slime:5  | Gained mutation: You have hidden genetic defects.
                  | [mutagenic glow]
 32526 | Slime:4  | Gained mutation: Your mind is acute. (Int +4, Str/Dex -1)
                  | [mutagenic glow]
 32656 | Slime:4  | Lost mutation: You passively dampen the noise of your
                  | surroundings. [potion of mutation]
 32656 | Slime:4  | Lost mutation: You are clumsy. (Dex -2) [potion of
                  | mutation]
 32656 | Slime:4  | Lost mutation: You have hidden genetic defects. [potion of
                  | mutation]
 32656 | Slime:4  | Lost mutation: Armour fits poorly on your strangely shaped
                  | body. [potion of mutation]
 32656 | Slime:4  | Gained mutation: Your system is resistant to poisons.
                  | (rPois) [potion of mutation]
 32657 | Slime:4  | Lost mutation: You are strong-willed. (Will+) [potion of
                  | mutation]
 32657 | Slime:4  | Lost mutation: Your mind is acute. (Int +4, Str/Dex -1)
                  | [potion of mutation]
 32657 | Slime:4  | Lost mutation: You are weak. (Str -2) [potion of mutation]
 32657 | Slime:4  | Gained mutation: You are robust. (+10% HP) [potion of
                  | mutation]
 32658 | Slime:4  | Lost mutation: You occasionally lose the ability to drink
                  | potions when taking damage. [potion of mutation]
 32658 | Slime:4  | Lost mutation: You frequently scream uncontrollably at your
                  | foes. [potion of mutation]
 32658 | Slime:4  | Gained mutation: You passively dampen the noise of your
                  | surroundings. [potion of mutation]
 32659 | Slime:4  | Lost mutation: Your system is resistant to poisons. (rPois)
                  | [potion of mutation]
 32659 | Slime:4  | Lost mutation: You occasionally shout uncontrollably at
                  | your foes. [potion of mutation]
 32659 | Slime:4  | Lost mutation: You passively dampen the noise of your
                  | surroundings. [potion of mutation]
 32659 | Slime:4  | Gained mutation: You expend magic power (3 MP) to
                  | strengthen your wands. [potion of mutation]
 32659 | Slime:4  | Gained mutation: You are strong-willed. (Will+) [potion of
                  | mutation]
 32659 | Slime:4  | Gained mutation: You sometimes lose your temper in combat.
                  | [potion of mutation]
 32659 | Slime:4  | Lost mutation: You sometimes lose your temper in combat.
                  | [potion of mutation]
 32862 | Slime:3  | Reached skill level 23 in Ranged Weapons
 33143 | Slime:4  | HP: 1/188 [rockslime[the Royal Jelly] (41)]
 33147 | Slime:4  | Demolished by a rockslime

Illustrated notes

Levels and vault maps discovered:
D:1:      lightli_arrival_boilingwater, layout_loops_ring,
          dreamdust_ecumenical_altar_grove, minmay_misc_feat_room
D:2:      layout_basic, basic_altar, minmay_tiny_reverse_x
D:3:      layout_basic
D:4:      layout_loops_ring, mainiacjoe_overflow_six_doors_small, temple_hall,
          gammafunk_ghost_icy
D:5:      wad_river_or_something, layout_basic, gammafunk_ghost_stat_death
D:6:      layout_rooms, fedhas_altar_2, hangedman_decor_slide_cut
D:7:      layout_loops_corners, gammafunk_temple_overflow_forgotten,
          makhleb_blood_cavern_becter, minivault_14, lightli_corner_chamber,
          uniq_joseph
D:8:      layout_gridville, grunt_lair_entry_orc_guard_hut, dk_vineyard_3
D:9:      layout_gridville, hellmonk_guarded_unrand_vitality_bloodlust
D:10:     layout_roguey, kennysheep_just_a_vault
D:11:     layout_roguey, orc_david_3, minmay_crystal_room,
          nicolae_dithmenos_the_darkroom
Lair:1:   dpeg_oklob_gauntlet, layout_long_grid, grunt_megastairs_3
Lair:2:   layout_cave_pods, minmay_shoals_entry_lonely_mermaid, basic_altar,
          serial_bayou_pond_d, uniq_amaemon
Lair:3:   layout_roguey
Lair:4:   layout_cave_pods, nicolae_spider_entry_orb_guardian, pf_torpor_hydra,
          uniq_sonja
Lair:5:   layout_gridlike, gauntlet_entry_generic, serial_bayou_shore_b,
          infiniplex_staircase_pool_2
Lair:6:   gammafunk_lair_ancient_temple, layout_long_grid, slime_entry_2,
          chequers_serial_rivers_micro_c, kennysheep_snail_temple
Shoals:1: layout_shoals, serial_shops, shop
Shoals:2: layout_shoals, uniq_polyphemus
Shoals:3: layout_shoals
Shoals:4: shoals_end_grunt_ice, layout_shoals, shoal_ilsuiw,
          ebering_ghost_davey_jones
Spider:1: nicolae_spider_mines_1, nicolae_spider_checkerboard
Spider:2: layout_chambers, special_room [special_room_bee],
          nicolae_spider_webs_and_nodes, nicolae_spider_spiderdrome
Spider:3: layout_cave_pods, nicolae_spider_not_touching_you
Spider:4: grunt_spider_rune_circles, uniq_louise
Slime:1:  layout_caves
Slime:2:  layout_caves, basic_altar
Slime:3:  layout_caves, cheibrodos_slime_lost_civilization_6
Slime:4:  layout_caves
Slime:5
Orc:1:    layout_caves, uniq_erolcha
Orc:2:    kennysheep_orc_mage_school, layout_caves, enter_volcano_3
Elf:1:    layout_geoelf_octagon, basic_altar, ebering_ghost_xom, serial_shops,
          shop_statue, shop, nicolae_shop_advertising_works
          [nicolae_subvault_shop_adworks], nicolae_shop_overgrown_old_shop,
          nicolae_square_shop, minmay_elf_annihilation, lemuel_flamethrower_3,
          uniq_frances, uniq_nikola
Elf:2:    nicolae_elf_blades_splatter_lattice [mumra_blade_entry_bloodbath],
          layout_rooms, portal_desolation_entry_ruin, minivault_19
Elf:3:    minmay_elf_hall_spiked, layout_geoelf_diagonals,
          nicolae_elf_elemental_lessons, minmay_shop_star, uniq_roxanne

Skill      XL: |  1  2  3  4  5  6  7  8  9 10 11 12 13 14 15 16 17 18 19 20 21 |
---------------+----------------------------------------------------------------+-----
Ranged Weapons | 4 5 6 8 9 11 13 15 17 18 19 22 23 | 23.1
Dodging        | 6 9 13 16 17 18 | 18.0
Fighting       | 8 11 12 13 16 | 16.0
Fire Magic     | 1 |  1.1
Earth Magic    | 1 |  1.0
Air Magic      | 2 5 6 |  6.0
Invocations    | 4 13 14 | 14.0
Translocations | 3 6 |  6.0
Spellcasting   | 1 4 5 6 |  6.0
Transmutations | 2 5 |  5.2
Evocations     | 7 8 |  8.7
Short Blades   | |  0.5
Long Blades    | |  0.3
Axes           | |  0.7
Maces & Flails | |  0.8
Polearms       | |  0.8
Staves         | |  0.3
Throwing       | |  0.3
Armour         | |  0.7
Stealth        | |  0.8
Shields        | |  0.3
Unarmed Combat | |  0.8
Conjurations   | |  0.3
Hexes          | |  0.5
Summonings     | |  0.7
Necromancy     | |  0.4
Ice Magic      | |  0.7
Poison Magic   | |  0.6

Action                   |  1- 3 |  4- 6 |  7- 9 | 10-12 | 13-15 | 16-18 | 19-21 || total
-------------------------+-------+-------+-------+-------+-------+-------+-------++-------
Melee: Short sword       |     7 |       |       |       |       |       |       ||     7
       Shortbow          |       |     3 |     1 |       |       |       |       ||     4
 Fire: Shortbow          |   129 |   199 |   338 |   114 |       |       |       ||   780
       Arbalest          |       |       |       |   416 |   932 |   674 |  1128 ||  3150
       Sling             |       |       |       |       |       |   309 |       ||   309
 Cast: Blink             |       |       |       |       |       |     4 |     8 ||    12
       Swiftness         |       |       |       |       |       |     3 |     6 ||     9
Invok: Shadow Step       |       |       |       |       |       |       |     1 ||     1
Evoke: Wand              |       |       |       |       |     1 |       |       ||     1
       Lightning rod     |       |       |       |       |       |       |     1 ||     1
  Use: Scroll            |       |    11 |     1 |    11 |    12 |    12 |    13 ||    60
       Potion            |       |     1 |       |       |       |     5 |     9 ||    15
Armor: Skin              |     2 |    15 |       |       |       |       |       ||    17
       Robe              |       |    66 |    49 |   105 |   140 |    89 |   102 ||   551
       Ring mail         |       |       |       |     4 |       |       |       ||     4
Dodge: Dodged            |    29 |   149 |    89 |   197 |   927 |   780 |  1510 ||  3681

Table legend: (Time is in decaauts)
 A = Elapsed time spent in this place.
 B = Non-inter-level travel time spent in this place.
 C = Inter-level travel time spent in this place.
 D = Time resting spent in this place.
 E = Time spent auto-exploring this place.
 F = Levels seen in this place.
 G = Mean time per level.
                   A        B        C        D        E       F      G
               +--------+--------+--------+--------+--------+-----+--------+
         Total |  33633 |  30690 |   2943 |   1710 |  18928 |  37 |  909.0 |
       Dungeon |  11431 |  10442 |    989 |   1389 |   6771 |  11 | 1039.2 |
          Lair |   6085 |   5375 |    710 |      3 |   4254 |   6 | 1014.2 |
        Shoals |   3719 |   3548 |    171 |      0 |   1837 |   4 |  929.8 |
   Spider Nest |   4000 |   3790 |    210 |    207 |   2316 |   4 | 1000.0 |
    Slime Pits |   2408 |   2215 |    193 |    111 |   1135 |   5 |  481.6 |
  Orcish Mines |   1663 |   1266 |    397 |      0 |    688 |   2 |  831.5 |
   Elven Halls |   3110 |   2839 |    271 |      0 |   1610 |   3 | 1036.7 |
       Volcano |    332 |    332 |      0 |      0 |     84 |   1 |  332.0 |
    Desolation |    882 |    882 |      0 |      0 |    230 |   1 |  882.0 |
               +--------+--------+--------+--------+--------+-----+--------+

Top non-repeatable levels by time:
     D:5: 1612 daAuts
Spider:2: 1332 daAuts
   Orc:2: 1324 daAuts
     D:7: 1307 daAuts
Shoals:4: 1306 daAuts
   Elf:3: 1259 daAuts
  Lair:1: 1249 daAuts
     D:4: 1235 daAuts
  Lair:6: 1197 daAuts
     D:2: 1164 daAuts
  Lair:4: 1152 daAuts
  Lair:2: 1124 daAuts
    D:10: 1117 daAuts
Spider:3: 1094 daAuts
    D:11: 1008 daAuts
